[Event "*** Titled Tuesday Blitz"]
[Site "Chess.com"]
[Date "2020.04.14"]
[Round "8"]
[White "Evgeny81"]
[Black "gena217"]
[Result "1-0"]
[WhiteElo "2759"]
[BlackElo "2900"]
[TimeControl "180+1"]
[EndTime "11:30:58 PDT"]
[Termination "Evgeny81 won on time"]

1. d4 Nf6 2. c4 e6 3. Nc3 Bb4 4. e3 O-O 5. Bd3 c5 6. Nf3 d5 7.
cxd5 exd5 8. dxc5 Nc6 9. O-O Bg4 10. Be2 Rc8 11. Na4 Ne4 12. a3 Bxc5 13. Nxc5 Nxc5 14.
h3 Be6 15. b4 Qf6 16. Rb1 Ne4 17. Bb2 Qg6 18. Nh4 Qh6 19. Nf3 Qg6 20. Kh2 Ne7 21. Nd4 Nf5 22. Nxf5 Bxf5 23. Rc1 Qd6+ 24. Kg1 Qg6 25.
Rxc8 Rxc8 26. Qxd5 Bxh3 27. Bf3 Ng5 28. Qxb7 Nxf3+ 29. Qxf3 Bf5 30. Qf4 h6 31. Rc1 Rxc1+ 32. Bxc1 a6 33. f3 Kh7 34. Kf2 Bd7 35. e4 Qc6 36.
Qxf7 Qc2+ 37. Kg3 Qxc1 38. Qxd7 Qxa3 39. Qf5+ Kh8 40. Qf8+ Kh7 41. Qf5+ Kg8 42. Qc8+ Kh7 43. Qc4 Qa1 44. Kh2 Qe5+ 45. g3 Qb2+ 46. Kh3 Qa1 47. Kg4 Qf6 48. f4 Qa1 49. e5 Qd1+ 50. Kf5 Qh5+ 51.
Ke6 Qg6+ 52. Kd7 Qxg3 53. e6 Qg4 54. Qe4+ Kg8 55. Kd8 Qd1+ 56. Kc7 Qc1+ 57. Kd7 Qd2+ 58.
Ke8 Qd6 59. e7 1-0

[Event "*** Titled Tuesday Blitz"]
[Site "Chess.com"]
[Date "2020.04.14"]
[Round "8"]
[White "PotapovaM"]
[Black "ClassyEl"]
[Result "1-0"]
[WhiteElo "2532"]
[BlackElo "2687"]
[TimeControl "180+1"]
[EndTime "11:30:58 PDT"]
[Termination "PotapovaM won on time"]

1. d4 Nf6 2. c4 e6 3. Nf3 c5 4.
d5 exd5 5. cxd5 Bd6 6. Nc3 Bc7 7. g3 d6 8. Bg2 O-O 9. O-O a6 10. a4 Nbd7 11. Nd2 Rb8 12. b3 Re8 13. Bb2 b5 14. e4 Ne5 15. Qc2 Bd7 16. axb5 axb5 17. f4 Neg4 18. Rae1 c4 19. Nd1 Bb6+ 20. Kh1 Rc8 21.
h3 c3 22. Bxc3 b4 23. Nc4 bxc3 24. hxg4 Nxg4 25. Qxc3 Bc5 26. Bf3 Rb8 27. Re2 Bb4 28. Qd4 Bc5 29. Qc3 Rb7 30. e5 dxe5 31. d6 Rb8 32. fxe5 Qg5 33. Kg2 h5 34. Bd5 Be6 35.
Bc6 Rec8 36. Be4 Bb4 37. Qf3 Nxe5 38. Nxe5 Bxd6 39. Nxf7 Bxf7 40. Qxf7+ Kh8 41. Rf3 Rf8 42. Qg6 Qxg6 43. Bxg6 Rxf3 44. Kxf3 Rxb3+ 45. Re3 Rxe3+ 46. Nxe3 h4 47. gxh4 Be7 48. h5 Bf6 49. Nf5 Kg8 50. Ke4 Kf8 51. Kd5 Bg5 52. Ke6 Bf6 53. Ng3 Bg5 54.
Ne4 Bh6 55. Nd6 Be3 56. Nf5 Bf4 57. Bf7 Bg5 58. Ng3 Bf4 59. Ne2 Be3 60. Nc3 Bd4 61.
Nd5 1-0

[Event "*** Titled Tuesday Blitz"]
[Site "Chess.com"]
[Date "2020.04.14"]
[Round "8"]
[White "UCantHandleDenker"]
[Black "vasblesk"]
[Result "1/2-1/2"]
[WhiteElo "2568"]
[BlackElo "2394"]
[TimeControl "180+1"]
[EndTime "11:30:58 PDT"]
[Termination "Game drawn by repetition"]

1. Nf3 Nf6 2. g3 g6 3. Bg2 Bg7 4. O-O O-O 5. d3 d6 6. Nbd2 Nbd7 7. e4 e5 8. a4 a5 9. Nc4 Nc5 10. b3 b6 11. Ba3 Nfd7 12. Rb1 Ba6 13. Nfd2 Rb8 14. f4 f5 15. fxe5 dxe5 16. exf5 gxf5 17. Qh5 f4 18. Nf3 Qe8 19. Qh4 Bxc4 20. bxc4 Qg6 21. Rbe1 Kh8 22. Qg5 fxg3 23. Qxg3 Rbe8 24. Bh3 Qxg3+ 25.
hxg3 Rf7 26. Ng5 Rxf1+ 27. Rxf1 Nf6 28. Bxc5 bxc5 29. Ne6 Bh6 30. Nxc7 Be3+ 31. Kg2 Rf8 32. Ne6 Rf7 33. Rf3 Bh6 34. Nxc5 Kg7 35. Ne6+ Kg8 36. Nd8 Rf8 37. Be6+ Kg7 38. Nc6 e4 39. dxe4 Nxe4 40.
Rxf8 Kxf8 41. Bf5 Nc5 42. Bxh7 Bd2 43. Bd3 Nxa4 44. Nd4 Nc5 45. Nb5 a4 46. Kf3 Bb4 47.
Ke2 a3 48. Nxa3 Bxa3 49. g4 Bb4 50. Ke3 Ba5 51. Kd4 Bb6 52. Kd5 Na4 53. Kc6 Bg1 54.
Kb5 Nc5 55. Kc6 Kg7 56. Kd5 Kf6 57. Bf5 Kg5 58. Ke5 Na4 59. Kd5 Nc5 60. Ke5 Bh2+ 61. Kd5 Bg1 1/2-1/2

[Event "*** Titled Tuesday Blitz"]
[Site "Chess.com"]
[Date "2020.04.14"]
[Round "8"]
[White "BabyBoss31"]
[Black "Mourinho_Jose"]
[Result "1-0"]
[WhiteElo "2364"]
[BlackElo "2590"]
[TimeControl "180+1"]
[EndTime "11:30:58 PDT"]
[Termination "BabyBoss31 won by resignation"]

1. d4 d5 2. c4 e6 3. Nf3 Nf6 4. g3 dxc4 5. Qa4+ c6 6. Qxc4 b5 7. Qc2 Bb7 8. Bg2 Nbd7 9. O-O c5 10. Bg5 Rc8 11. dxc5 Bxc5 12. Qd3 Qb6 13. Nc3 a6 14. a4 b4 15. a5 Qa7 16. Na4 Be4 17. Qd2 Be7 18.
Be3 Qb7 19. Rfc1 O-O 20. Nb6 Nxb6 21. Bxb6 Rxc1+ 22. Rxc1 Rc8 23. Rxc8+ Qxc8 24. Ne5 Bxg2 25. Kxg2 Qb7+ 26. f3 h6 27. Nd3 Qd5 28. Qc2 Qb5 29.
Qc8+ Kh7 30. Qc2 Kg8 31. Qc8+ Kh7 32. Qc2 g6 33. Qc7 Nd5 34. Qa7 Kg7 35. Bd4+ Bf6 36. Bxf6+ Kxf6 37. Qd4+ Ke7 38. Qc5+ Qxc5 39. Nxc5 Kd6 40.
Nxa6 b3 41. Kf2 Kc6 42. e4 Nf6 43. Ke3 Kb5 44. Nc7+ Kxa5 45. e5 Nd7 46. f4 Kb6 47. Ne8 Kc6 48. Kd4 Nc5 49. Kc4 Nb7 50. Kxb3 Nc5+ 51.
Kc4 Ne4 52. b4 Nf2 53. b5+ Kb6 54. Nd6 Ng4 55. Nxf7 Nxh2 56. Nxh6 Nf1 57. g4 Ne3+ 58. Kd3 Nd5 59. Ke4 Kxb5 60. Nf7 Kc6 61. Nh8 Nc3+ 62.
Kf3 Kd7 63. Nxg6 Nd5 64. Ke4 Nc3+ 65. Kd4 Nb5+ 66. Ke4 Nc7 67. Nh4 Ke7 68. Nf3 Kf7 69. Nd4 Na6 70. f5 Nc5+ 71. Kf4 Nd3+ 72. Ke4 Nc5+ 73.
Ke3 Nd7 74. fxe6+ Ke7 75. exd7 Kxd7 76. Kf4 1-0

[Event "*** Titled Tuesday Blitz"]
[Site "Chess.com"]
[Date "2020.04.14"]
[Round "8"]
[White "Rodalquilar"]
[Black "Tjktiger"]
[Result "0-1"]
[WhiteElo "2627"]
[BlackElo "2830"]
[TimeControl "180+1"]
[EndTime "11:31:00 PDT"]
[Termination "Tjktiger won on time"]

1. d4 Nf6 2. Nf3 g6 3. Bf4 Bg7 4. e3 O-O 5. Be2 c5 6. O-O d6 7. c3 Nh5 8. Bg5 h6 9. Bh4 Qb6 10. Nbd2 g5 11. Nc4 Qc7 12. Nfd2 gxh4 13. Bxh5 d5 14.
Na3 Nc6 15. Bg4 f5 16. Bh3 f4 17. Bxc8 Qxc8 18. Qh5 Qf5 19. Qxf5 Rxf5 20. dxc5 fxe3 21. fxe3 Re5 22. Nc2 a5 23. Nf3 Re4 24. Nfd4 Ne5 25.
Rae1 Nd3 26. Rd1 Nxc5 27. Nf5 Rd8 28. Rf4 h3 29. Rxe4 Nxe4 30. Nxe7+ Kf7 31. Nxd5 hxg2 32. Kxg2 Be5 33. b3 Rg8+ 34. Kf3 Ng5+ 35. Ke2 Nh3 36. Ne1 Rg1 37. c4 Rh1 38. Nb6 Rxh2+ 39. Kd3 Nf2+ 40. Ke2 Nxd1+ 41. Kxd1 Rxa2 42. Nd7 Bd6 43. Nd3 h5 44. e4 h4 45. e5 Bb4 46. Nf4 Rd2+ 47. Kc1 Rf2 48. Nd5 Ke6 49. N7b6 Kxe5 50. Nd7+ Kd6 51. N5b6 Bd2+ 52. Kc2 Be3+ 53. Kd3 Bxb6 54.
Nxb6 h3 55. Na4 h2 56. c5+ Kc6 57. Ke3 Rg2 58. Kf3 h1=Q 59. Ke3 Qh3+ 0-1

[Event "*** Titled Tuesday Blitz"]
[Site "Chess.com"]
[Date "2020.04.14"]
[Round "8"]
[White "W_Amadeus"]
[Black "wild_cat99"]
[Result "1-0"]
[WhiteElo "2705"]
[BlackElo "2565"]
[TimeControl "180+1"]
[EndTime "11:31:01 PDT"]
[Termination "W_Amadeus won on time"]

1. e4 c5 2. Nf3 d6 3. d4 cxd4 4. Nxd4 Nf6 5. Nc3 a6 6. Be3 e6 7. f3 Qc7 8. Qd2 b5 9. g4 Nfd7 10. O-O-O Nb6 11. Ndxb5 axb5 12. Nxb5 Qc6 13. Nxd6+ Bxd6 14. Qxd6 Qxd6 15. Rxd6 N6d7 16. Kb1 Ba6 17. b3 Ke7 18.
Rd2 Rc8 19. h3 Nc6 20. Bxa6 Rxa6 21. Rhd1 Rc7 22. a4 e5 23. Kb2 Ra5 24. Rd5 Rxd5 25. exd5 Nd4 26. c3 Nf6 27. cxd4 Nxd5 28. Bf2 Ke6 29.
dxe5 h5 30. Bg3 hxg4 31. hxg4 g6 32. f4 Rc5 33. Rd2 f5 34. exf6 Nxf6 35. Bf2 Rc6 36. f5+ gxf5 37. gxf5+ Kxf5 38. Rc2 Ra6 39. Ka3 Ne4 40. Bd4 Ke6 41. b4 Kd5 42. b5 Rh6 43. Bb2 Rh4 44. Rc1 Nc5 45. Rd1+ Kc4 46. Rc1+ Kd5 47.
Rd1+ Kc4 48. Bf6 Rh3+ 49. Ka2 Nxa4 50. Rb1 Nc5 51. Bd8 Nb7 52. Bc7 Rh7 53. b6 Kc5 54. Rc1+ Kb5 55. Kb3 Rh3+ 56. Kc2 Rh7 57. Kd3 Rh6 58.
Ke4 Rc6 59. Rb1+ Kc4 60. Ke5 Kc5 61. Rc1+ Kb5 62. Rb1+ Kc5 63. Ra1 Kb5 64. Ra7 1-0

[Event "*** Titled Tuesday Blitz"]
[Site "Chess.com"]
[Date "2020.04.14"]
[Round "8"]
[White "ChessAintFun"]
[Black "MatthewG-p4p"]
[Result "1-0"]
[WhiteElo "2544"]
[BlackElo "2734"]
[TimeControl "180+1"]
[EndTime "11:31:01 PDT"]
[Termination "ChessAintFun won on time"]

1. e4 e6 2. d4 d5 3. e5 c5 4. c3 Qb6 5. Nf3 Nc6 6. a3 Nh6 7. b4 cxd4 8. cxd4 Nf5 9. Be3 f6 10. exf6 gxf6 11. Bd3 Nxe3 12. fxe3 Bh6 13. Qe2 Bd7 14. Nc3 Ne7 15. O-O O-O-O 16. a4 Kb8 17. a5 Qd6 18. a6 b6 19. e4 Qxb4 20. Nb5 Bxb5 21. Bxb5 dxe4 22. Qxe4 Nd5 23. Rab1 Qd6 24. Qh4 Be3+ 25. Kh1 Rhg8 26. Rb2 h5 27. Nd2 Bxd2 28. Rxd2 Rg5 29. Rc2 Rg4 30. Qxh5 Rxd4 31. Qh7 Qe7 32. Qh3 Nf4 33. Qg3 e5 34. Qf3 Nd5 35. h3 e4 36.
Qg3+ Qd6 37. Qg7 Nc7 38. Rc6 Qe5 39. Be2 R4d6 40. Rc2 Re6 41. Rfc1 Re7 42. Qg6 f5 43. Qg5 Rc8 44. Qh6 Qe6 45. Qf4 Qe5 46. Qh6 Re6 47.
Qh7 f4 48. Bg4 Re7 49. Qg6 Rd8 50. Qc6 Qd5 51. Qxc7+ Rxc7 52. Rxc7 Qg8 53. Rb7+ Ka8 54. Rcc7 Qd5 55. Rxa7+ Kb8 56. Rcb7+ Qxb7 57. Rxb7+ Ka8 58.
Rc7 f3 59. gxf3 e3 60. f4 Rd2 61. Kg1 e2 62. Kf2 e1=Q+ 63. Kxe1 Ra2 64. Bf3+ 1-0

[Event "*** Titled Tuesday Blitz"]
[Site "Chess.com"]
[Date "2020.04.14"]
[Round "8"]
[White "Zq1"]
[Black "CarlosAlbornoz"]
[Result "1-0"]
[WhiteElo "2592"]
[BlackElo "2701"]
[TimeControl "180+1"]
[EndTime "11:31:02 PDT"]
[Termination "Zq1 won by checkmate"]

1. d4 Nf6 2. c4 g6 3. Nc3 Bg7 4. e4 d6 5. Nf3 Bg4 6. Be2 O-O 7. Be3 Nfd7 8. Rc1 e5 9. d5 a5 10. Nd2 Bxe2 11. Qxe2 f5 12. f3 Bh6 13. O-O Bxe3+ 14. Qxe3 f4 15. Qf2 Na6 16. b3 g5 17. a3 h5 18. Rb1 g4 19. b4 Qg5 20. Kh1 Kh7 21. bxa5 Nac5 22. Nb3 Nxb3 23. Rxb3 Nc5 24. Rb5 Rf7 25.
Rd1 Rg7 26. Ne2 Rag8 27. Rbb1 gxf3 28. gxf3 Qg2+ 29. Qxg2 Rxg2 30. Ng1 Ra2 31. Ra1 Rgg2 32. Rxa2 Rxa2 33. Nh3 Rxa3 34. Ng5+ Kg6 35. h4 Rxa5 36. Rg1 Kf6 37. Nh7+ Kf7 38. Ng5+ Ke7 39. Nh7 Ra3 40.
Rg7+ Kd8 41. Ng5 Rc3 42. Kg2 Rxc4 43. Ne6+ Nxe6 44. dxe6 b5 45. Rh7 b4 46. Rxh5 b3 47.
Rh8+ Ke7 48. Rb8 Rc2+ 49. Kh3 b2 50. h5 c5 51. h6 Rc1 52. Rxb2 Rh1+ 53. Rh2 Ra1 54.
Kg4 Ra8 55. h7 Rh8 56. Kf5 c4 57. Kg6 Kxe6 58. Kg7 Rxh7+ 59. Kxh7 c3 60. Rc2 d5 61. Rxc3 dxe4 62. fxe4 Kf6 63. Kh6 f3 64. Rxf3+ Ke6 65.
Rf5 Kd6 66. Kg6 Kc6 67. Kg5 Kd6 68. Kf6 Kc6 69. Rxe5 Kd7 70. Rd5+ Kc7 71. e5 Kb6 72. Rd1 Ka7 73. e6 Kb8 74. e7 Kc7 75. e8=Q Kb6 76. Qe5 Ka6 77. Rd6+ Kb7 78. Qe7+ Kb8 79. Rd8# 1-0

[Event "*** Titled Tuesday Blitz"]
[Site "Chess.com"]
[Date "2020.04.14"]
[Round "8"]
[White "benko_008"]
[Black "Anna_ChessMate"]
[Result "1-0"]
[WhiteElo "2487"]
[BlackElo "2594"]
[TimeControl "180+1"]
[EndTime "11:31:02 PDT"]
[Termination "benko_008 won by checkmate"]

1. Nf3 d5 2. d4 Nf6 3. c4 c6 4.
Nc3 dxc4 5. a4 Bf5 6. e3 e6 7. Bxc4 Bb4 8. Ne5 Ne4 9. Qb3 Qa5 10. O-O O-O 11. Nxe4 Bxe4 12. f3 Bd5 13. e4 f6 14.
exd5 fxe5 15. dxe6 Kh8 16. dxe5 Na6 17. Bxa6 bxa6 18. Be3 Rab8 19. Qc4 Qxe5 20. Bxa7 Rb7 21. Bd4 Qf4 22. Rac1 Bd6 23. g3 Qd2 24. Rc2 Qb4 25. Qxb4 Rxb4 26. Bc5 Bxc5+ 27. Rxc5 Rxb2 28. Rxc6 h6 29. e7 Re8 30. Re1 a5 31. Rc5 Kg8 32. Rxa5 g6 33. Rae5 Kf7 34. a5 Ra2 35. R1e2 Ra1+ 36.
Kg2 h5 37. h4 Ra3 38. g4 hxg4 39. fxg4 Ra4 40. R2e4 Ra2+ 41. Kg3 Ra3+ 42. Kf4 Kf6 43. Re6+ Kf7 44. a6 Ra5 45. Kf3 Ra3+ 46. Kf4 Ra5 47. Kf3 Ra3+ 48. Re3 Ra4 49. h5 gxh5 50. gxh5 Ra5 51. h6 Rf5+ 52. Ke2 Ra5 53. R6e4 Rxa6 54. Rf4+ Kg8 55. Rg3+ Kh7 56. Re4 Kxh6 57. Rh4# 1-0

[Event "*** Titled Tuesday Blitz"]
[Site "Chess.com"]
[Date "2020.04.14"]
[Round "8"]
[White "MrChessSponge"]
[Black "Jojo_1608"]
[Result "1/2-1/2"]
[WhiteElo "2390"]
[BlackElo "2239"]
[TimeControl "180+1"]
[EndTime "11:31:03 PDT"]
[Termination "Game drawn - insufficient material"]

1. Nf3 Nf6 2. c4 g6 3. Nc3 Bg7 4. e4 O-O 5. d4 d6 6. Be2 c5 7.
O-O cxd4 8. Nxd4 Nc6 9. Be3 Nd7 10. Rc1 h5 11. b3 Nde5 12. h3 Qa5 13. f4 Nd7 14. Nd5 Re8 15. Nf3 e6 16. Bd2 Qc5+ 17.
Ne3 Nd4 18. Nxd4 Bxd4 19. Rf3 Nf6 20. Kh1 Nxe4 21. Nc2 Nf2+ 22. Rxf2 Bxf2 23. Bd3 e5 24. fxe5 dxe5 25. Qf3 Bh4 26. Rf1 Be6 27. Be4 Rad8 28. Bb4 Qb6 29. Bc3 Bf5 30. Bxf5 gxf5 31. Qxh5 Bf6 32. Qxf5 Bg7 33. Qxf7+ Kh8 34. Qh5+ Qh6 35.
Qxh6+ Bxh6 36. Nb4 Bg7 37. Nd5 e4 38. Bxg7+ Kxg7 39.
Re1 Kg6 40. Kg1 Kf5 41. Kf2 b5 42. Ke3 bxc4 43. bxc4 Rc8 44. Kd4 e3 45. Rf1+ Kg5 46.
Nxe3 Rcd8+ 47. Nd5 Re2 48. Rf3 Rxa2 49. g3 Rh2 50. h4+ Kg4 51. Re3 Rg2 52. Kc3 Rxg3 53. Rxg3+ Kxg3 54. h5 Rh8 55. c5 Rxh5 56. Kd4 Rh6 57. c6 Rxc6 58. Ne3 Rc8 59. Nc4 Kf4 60. Kd3 Kf5 61. Nd6+ Ke6 62. Nxc8 Kd7 63. Nxa7 1/2-1/2

[Event "*** Titled Tuesday Blitz"]
[Site "Chess.com"]
[Date "2020.04.14"]
[Round "8"]
[White "Leonid_Starozhilov"]
[Black "Igor_Lysyj"]
[Result "1/2-1/2"]
[WhiteElo "2680"]
[BlackElo "2819"]
[TimeControl "180+1"]
[EndTime "11:31:05 PDT"]
[Termination "Game drawn by agreement"]

1. b3 d5 2. Bb2 Nf6 3. Nf3 e6 4. e3 Be7 5. d4 O-O 6. Bd3 b6 7. O-O Bb7 8. Nbd2 Nbd7 9. c4 a5 10. a3 Ne4 11. Qc2 f5 12. cxd5 Nxd2 13. Nxd2 Bxd5 14.
f3 Bd6 15. Nc4 Kh8 16. Rae1 Bxc4 17. bxc4 c5 18. e4 cxd4 19. exf5 exf5 20. Bxf5 Nc5 21. Be4 Ra7 22. Bxd4 Bxh2+ 23. Kxh2 Qxd4 24. Bd5 Re7 25. Rxe7 Qh4+ 26. Kg1 Qxe7 27. Qf2 Re8 28. Rb1 Qf6 29. Re1 Rxe1+ 30. Qxe1 g6 31. Qe3 Kg7 32. g3 h5 33.
f4 Kh6 34. Kg2 Kg7 35. Kh2 Nd7 36. Qe8 Nf8 37. Qe3 Qd6 38. Kg2 Nd7 39. Qc3+ Qf6 40. Qe3 Kh6 41. Kh2 Nc5 42. Kh3 a4 43. Qe8 Nb3 44.
Bf7 Kg7 45. Qg8+ Kh6 46. Qf8+ Qg7 47. Qe8 Nd4 48. Qe4 Qf6 49. Bd5 Qf5+ 50. Qxf5 gxf5 51. Kh4 Nc2 52. Bc6 Nxa3 53. Bxa4 Nxc4 54. Bd7 Ne3 55. Be8 Ng2+ 56. Kh3 Ne3 57. Kh4 Nc4 58. Bxh5 b5 59. Be2 Nd6 60. Bxb5 Nxb5 61. g4 Kg6 62. gxf5+ Kxf5 1/2-1/2

[Event "*** Titled Tuesday Blitz"]
[Site "Chess.com"]
[Date "2020.04.14"]
[Round "8"]
[White "StegariuVlad"]
[Black "StockholmMissile"]
[Result "1-0"]
[WhiteElo "2585"]
[BlackElo "2409"]
[TimeControl "180+1"]
[EndTime "11:31:05 PDT"]
[Termination "StegariuVlad won on time"]

1. e4 e5 2. Nf3 Nc6 3. Bb5 a6 4.
Ba4 Nf6 5. O-O Be7 6. Re1 b5 7. Bb3 d6 8. c3 O-O 9. h3 Nb8 10. d4 Nbd7 11. Nbd2 Bb7 12. Bc2 Re8 13. Nf1 Bf8 14.
a4 c5 15. d5 c4 16. Ng3 g6 17. Be3 Qc7 18. Qd2 Nc5 19. Nh2 Reb8 20. axb5 axb5 21. Ng4 Nxg4 22. hxg4 Bc8 23. g5 Ra7 24. Rxa7 Qxa7 25. Bxc5 Qxc5 26. Ra1 Qc7 27. Qe3 Be7 28. Ra7 Qd8 29. Qf3 Bd7 30. Qd1 Bxg5 31. Qa1 Kg7 32.
Qa6 Be7 33. Nf1 h5 34. Ne3 h4 35. Bd1 Rb6 36. Qa5 Rb8 37. Qa6 Bf8 38. Nc2 Be8 39.
Bg4 Kg8 40. Ne3 b4 41. Qxc4 bxc3 42. bxc3 Qg5 43. Ra1 Qf4 44. Qe2 Bh6 45. Bf3 Bd7 46. Nc4 Qf6 47. Qa2 Bb5 48. Rb1 Bf4 49. Qa7 Rf8 50. Rxb5 h3 51. g3 Bxg3 52. fxg3 Qxf3 53. Qf2 Qd1+ 54. Kh2 f5 55. Ne3 Qd3 56. Rb7 fxe4 57. Qe1 Rf3 58. Rb8+ Kg7 59. Ng4 e3 60. Kxh3 e2 61.
Rb7+ Kg8 62. Qg1 1-0

[Event "*** Titled Tuesday Blitz"]
[Site "Chess.com"]
[Date "2020.04.14"]
[Round "8"]
[White "jonaszmb"]
[Black "Monmoransy"]
[Result "0-1"]
[WhiteElo "2410"]
[BlackElo "2601"]
[TimeControl "180+1"]
[EndTime "11:31:07 PDT"]
[Termination "Monmoransy won by resignation"]

1. e4 c5 2. Nf3 Nc6 3. d4 cxd4 4. Nxd4 Nf6 5. Nc3 g6 6. Nxc6 dxc6 7. Qxd8+ Kxd8 8. Bf4 Nd7 9. O-O-O Ke8 10. h4 h5 11.
e5 Bg7 12. e6 fxe6 13. Bd3 Kf7 14. Ne4 Bf6 15. Ng5+ Bxg5 16. Bxg5 Nf6 17. Rhe1 a5 18. f3 a4 19. a3 Ra5 20. Bd2 Rd5 21. Bc4 Rdd8 22.
Bc3 b5 23. Ba2 Rhe8 24. b3 Rxd1+ 25. Kxd1 Nd5 26. Be5 Rd8 27. Kc1 axb3 28. cxb3 c5 29. g4 Bb7 30. gxh5 gxh5 31. a4 Nb4 32. Bb1 bxa4 33.
bxa4 Nd3+ 34. Bxd3 Rxd3 35. f4 Ra3 36. Rg1 Rxa4 37.
Rg7+ Ke8 38. Kd2 Bf3 39. Kc3 Bg4 40. Rh7 Re4 41. Rg7 Be2 42. Rh7 Ra4 43. Rg7 Ra3+ 44. Kd2 Bg4 45. Bb2 Rh3 46. Rg8+ Kd7 47. Rg7 Rh2+ 48.
Kc1 Rxh4 49. Bf6 Rh1+ 50. Kd2 Kd6 51. Bxe7+ Kc6 52. Rg5 Rh2+ 53. Kc3 Bf5 54. Bf6 Kd5 55. Rg8 Rh3+ 56. Kd2 c4 57. Rd8+ Kc5 58. Be5 Rd3+ 59. Rxd3 Bxd3 60. Bf6 Bf5 61. Ke3 Kb4 62. Kd2 Kb3 63.
Kc1 c3 64. Bg5 c2 65. Bf6 Kc4 66. Bh4 Kd3 67. Bg5 Ke3 68. Kb2 Kf3 69. Kc1 Kg3 0-1

[Event "*** Titled Tuesday Blitz"]
[Site "Chess.com"]
[Date "2020.04.14"]
[Round "8"]
[White "Neimar24"]
[Black "Harsha_Bharathakoti"]
[Result "1/2-1/2"]
[WhiteElo "2576"]
[BlackElo "2804"]
[TimeControl "180+1"]
[EndTime "11:31:10 PDT"]
[Termination "Game drawn by agreement"]

1. d4 d5 2. c4 e6 3. Nc3 c6 4.
e4 dxe4 5. Nxe4 Bb4+ 6. Nc3 e5 7. a3 Bxc3+ 8. bxc3 Qa5 9. Bd2 Nf6 10. Nf3 e4 11. Ne5 Nbd7 12. Nxd7 Bxd7 13. Be2 O-O 14. O-O Be6 15. Qc2 Qa6 16. Qb3 Nd7 17. Rfe1 Nb6 18. d5 cxd5 19. cxd5 Bxd5 20. Bxa6 Bxb3 21. Bxb7 Rad8 22.
Bg5 f6 23. Be3 f5 24. Bxb6 axb6 25. Rab1 Bd5 26. Rxb6 Bxb7 27. Rxb7 Rd3 28. g4 Rxc3 29. gxf5 Rc4 30. Rd1 e3 31. fxe3 Rg4+ 32. Kf2 Rxf5+ 33.
Ke2 Rg2+ 34. Ke1 Rg1+ 35. Ke2 Rg2+ 36. Ke1 h5 37. Rdd7 Rc5 38. Kf1 Rcc2 39. h4 Rcf2+ 40. Ke1 Ra2 41. Kf1 Rg4 42. Ra7 Rh2 43. a4 Rh1+ 44. Ke2 Rhxh4 45. a5 Rh2+ 46. Kd3 Ra2 47. a6 h4 48. Ra8+ Kh7 49. a7 h3 50. Rb8 h2 51.
Rb2 Rg1 52. Rxh2+ Rxh2 53. a8=Q Rd1+ 54. Ke4 Rxd7 55. Qc6 Re7+ 56. Kf3 Rh6 57. Qc2+ Kg8 58. Qd3 Kf7 59. Qd5+ Kf8 60. Qd8+ Re8 61. Qd5 Rf6+ 62.
Kg2 Rfe6 63. Qf5+ Kg8 64. Kf2 Rxe3 65. Qd5+ R3e6 66. Qc4 Kf7 67. Kf3 Re7 68. Kf4 Kf8 69. Kf5 Rf6+ 70. Kg5 Re5+ 71. Kh4 Ref5 72. Kg4 Rf4+ 73.
Qxf4 Rxf4+ 74. Kxf4 Kf7 75. Kf5 1/2-1/2

[Event "*** Titled Tuesday Blitz"]
[Site "Chess.com"]
[Date "2020.04.14"]
[Round "8"]
[White "annamaja"]
[Black "adriangschnitzer"]
[Result "0-1"]
[WhiteElo "2192"]
[BlackElo "2369"]
[TimeControl "180+1"]
[EndTime "11:31:11 PDT"]
[Termination "adriangschnitzer won by checkmate"]

1. e4 c5 2. Nf3 Nc6 3. d4 cxd4 4. Nxd4 g6 5. c4 Bg7 6. Be3 Nf6 7. Nc3 O-O 8. Be2 d6 9. O-O Bd7 10. f3 a5 11. Rb1 Nxd4 12. Bxd4 Bc6 13. Qd2 Nd7 14. Be3 Nc5 15. b3 e6 16. a3 Be5 17. g3 Qf6 18. Na2 Qh8 19. b4 axb4 20.
axb4 Na4 21. b5 Be8 22. f4 Nc3 23. fxe5 Rxa2 24. Qxc3 Rxe2 25. Bh6 Qxe5 26. Qxe5 dxe5 27. Rfe1 Rc2 28. Rbc1 Rb2 29. Bxf8 Kxf8 30. Red1 Ke7 31. Rd3 Re2 32. Ra3 Kd6 33. c5+ Kc7 34. b6+ Kc6 35.
Rd3 Rxe4 36. Rd6+ Kb5 37. c6 Bxc6 38. Rb1+ Kc5 39. Rd8 Re2 40. Rc1+ Kxb6 41. Rf8 f5 42. h4 Rg2+ 43. Kf1 Rxg3 44. Rf6 Rh3 45. Rc2 Rh1+ 46. Ke2 Rh2+ 47. Kd1 Ba4 48. Rxe6+ Ka7 49. Rxe5 Bxc2+ 50. Kc1 Be4 51. Ra5+ Kb6 52. Re5 Rxh4 53. Re8 Rh1+ 54.
Kb2 Rb1+ 55. Ka3 Rb5 56. Re6+ Ka5 57. Re7 h5 58. Rh7 Rd5 59. Rg7 Rd3+ 60. Kb2 f4 61. Rf7 f3 62. Re7 Rd2+ 63. Ka3 f2 64. Re5+ Rd5 65.
Rxe4 f1=Q 66. Ra4+ Kb6 67. Rb4+ Rb5 68. Rxb5+ Qxb5 69.
Ka2 Kc5 70. Ka1 Kc4 71. Ka2 Kc3 72. Ka1 Qb2# 0-1

[Event "*** Titled Tuesday Blitz"]
[Site "Chess.com"]
[Date "2020.04.14"]
[Round "8"]
[White "Hanging_pointer"]
[Black "EugeneRougon"]
[Result "1-0"]
[WhiteElo "2579"]
[BlackElo "2680"]
[TimeControl "180+1"]
[EndTime "11:31:12 PDT"]
[Termination "Hanging_pointer won on time"]

1. d4 d6 2. Nf3 g6 3. c4 Bg7 4. Nc3 Bg4 5. e3 Nf6 6. Be2 O-O 7. O-O Na6 8. b3 Re8 9. h3 Bf5 10. Bb2 e5 11. Nd5 Nxd5 12. cxd5 Nb4 13. dxe5 dxe5 14.
Bc4 Be4 15. a3 Nxd5 16. Nd2 Nf6 17. Nxe4 Nxe4 18. Qc2 Nd6 19. Rfd1 e4 20. Be2 Qe7 21.
Bxg7 Kxg7 22. b4 c6 23. Qc5 Nf5 24. Qc3+ Qf6 25. Qc5 Re5 26. Qc2 Nh4 27. Bf1 Rae8 28. Rac1 Rg5 29. Kh1 Rf5 30. Kg1 Re7 31. Rd4 Rfe5 32.
Rcd1 Nf5 33. Rd8 h5 34. a4 a6 35. Bc4 Nh4 36. Bf1 Rg5 37. Kh1 Rf5 38. Kg1 Qg5 39.
Qb2+ Qf6 40. Qa2 Rg5 41. Kh1 Rf5 42. Kg1 Rfe5 43. Rb8 Nf5 44. b5 axb5 45. axb5 cxb5 46. Qa8 Kh7 47. Rxb7 Rxb7 48. Qxb7 Kg7 49. Qc7 Qe7 50. Rd7 Qf6 51. Rxf7+ Qxf7 52. Qxe5+ Qf6 53. Qxb5 Nd6 54.
Qd5 Qe7 55. Bc4 h4 56. Qe6 Qxe6 57.
Bxe6 Kf6 58. Bd5 g5 59. Kf1 Ke5 60. Bb3 Nb7 61. g3 Nc5 62. Bd1 Nd7 63. Kg2 Nf6 64.
f3 Kf5 65. Bc2 Ke5 66. f4+ 1-0

[Event "*** Titled Tuesday Blitz"]
[Site "Chess.com"]
[Date "2020.04.14"]
[Round "8"]
[White "Fy_Rakotomaharo"]
[Black "misha_chessone"]
[Result "1-0"]
[WhiteElo "2531"]
[BlackElo "2228"]
[TimeControl "180+1"]
[EndTime "11:31:12 PDT"]
[Termination "Fy_Rakotomaharo won on time"]

1. e4 e6 2. d4 d5 3. Nc3 Bb4 4.
e5 c5 5. a3 Bxc3+ 6. bxc3 Ne7 7. h4 Qa5 8. Bd2 Nbc6 9. h5 h6 10. a4 Bd7 11. Qg4 Nf5 12. Bd3 Nce7 13. Qd1 c4 14.
Be2 Nc6 15. g4 Nfe7 16. f4 O-O-O 17. Nf3 f6 18. O-O fxe5 19. fxe5 Rdf8 20. Nh4 Qd8 21. Qe1 Rxf1+ 22. Bxf1 Rf8 23. Qg3 Qe8 24. Be2 Nd8 25. a5 a6 26. Rf1 Rxf1+ 27. Bxf1 Qf7 28. Be2 Ndc6 29. g5 hxg5 30. Qxg5 Nxa5 31. h6 gxh6 32.
Qxh6 Nac6 33. Bg5 Nf5 34. Qh8+ Kc7 35. Bh5 Qg7 36. Qxg7 Nxg7 37. Bg4 Nd8 38. Ng6 Nf7 39. Be7 Nf5 40. Bxf5 exf5 41. Nf4 Bc6 42. e6 Nd8 43.
Ba3 b5 44. Bb4 Kb6 45. Kf2 a5 46. Be7 Kc7 47. Bc5 Nb7 48. Ba3 Nd6 49. Kf3 Ne4 50. e7 Be8 51. Nxd5+ Kb7 52. Kf4 b4 53. cxb4 axb4 54. Bxb4 Nf2 55. Kxf5 Nd1 56. Nf6 Bc6 57.
d5 Ba4 58. d6 Ne3+ 59. Ke4 Nxc2 60. d7 Nxb4 61. d8=Q Bc2+ 62. Kf4 Nc6 63. Qd7+ Kb6 64.
Nd5+ Kc5 65. Nc7 1-0

[Event "*** Titled Tuesday Blitz"]
[Site "Chess.com"]
[Date "2020.04.14"]
[Round "8"]
[White "JozefKneht"]
[Black "MrTattaglia"]
[Result "0-1"]
[WhiteElo "2602"]
[BlackElo "2848"]
[TimeControl "180+1"]
[EndTime "11:31:13 PDT"]
[Termination "MrTattaglia won by resignation"]

1. e4 c5 2. Nf3 d6 3. d4 cxd4 4.
Nxd4 Nf6 5. Nc3 a6 6. Bg5 e6 7. f4 h6 8. Bh4 Qb6 9. Qd3 Qxb2 10. Rb1 Qa3 11. e5 dxe5 12. fxe5 Nd5 13. Nxd5 exd5 14. e6 Bb4+ 15. Kd1 O-O 16. Rb3 Qa5 17.
Nf5 d4 18. Nxh6+ gxh6 19. Qg3+ Kh7 20. Bf6 Rg8 21. Bd3+ Rg6 22. Rxb4 Qh5+ 23. Kc1 Bxe6 24. Bxg6+ Qxg6 25. Qxg6+ Kxg6 26. Bxd4 b5 27. Bc3 Nc6 28. Rf4 Ne7 29. Rf6+ Kh7 30. Rhf1 Nd5 31. R6f3 Nxc3 32.
Rxc3 Bxa2 33. Kb2 Be6 34. g3 a5 35. Rc5 b4 36. Ra1 a4 37. Rb5 a3+ 38. Kc1 Ra4 39. Kd2 a2 40. Kc1 Kg7 41. Kb2 Bc4 42. Rb6 Be6 43. Rf1 Kg6 44. Ka1 Kg7 45. Rf4 Ra3 46.
Rfxb4 Re3 47. Ra6 Re1+ 48. Kb2 Rb1+ 49. Kc3 a1=Q+ 50. Rxa1 Rxa1 51. Rf4 Rh1 52. Rf2 Kg6 53. Kd4 Rd1+ 54. Ke5 Re1+ 55. Kd4 Rc1 56. Ke5 h5 57. Kd6 Kg5 58. Ke7 h4 59. gxh4+ Kxh4 60. Kf6 Kh3 61. Ke5 Rh1 62. Kd4 Rxh2 63. Rxh2+ Kxh2 64. c4 Bxc4 65.
Kxc4 f5 66. Kd4 f4 67. Ke4 Kg3 0-1